AoeStats
← NPG | gab

Arabia

510672201Analyzed
1v1 RM · 19h ago on Oct 2, 2026· 23m 0s· 2 players
Game mode
Random Map
Map size
Tiny (2 player)
Population
200
Speed
Normal
Resources
Standard
Victory
Conquest
Starting age
Dark Age
Ending age
Imperial Age
RankedLock teamsTeams togetherTeam positionsShared explorationLock speedFull tech treeHidden civsTurbo modeCheats
Victory
Defeat
🇦🇷 Magyars · Argentina
1255
+14
🇲🇽 Chinese · Mexico
1210
-14
Ricky
0:26 Loom
9:44 Feudal Age
16:29 Double-Bit Axe
20:51 Gold Mining
23:54 Castle Age
23:10 Stone Mining
23:14 Gold Mining
NPG | gab
6:46 Loom
8:57 Feudal Age
9:48 Double-Bit Axe
21:14 Castle Age
21:21 Light Cavalry
Connection lost

Rejoining the realm…

Still unreachable

The connection could not be restored.

Session expired

The server has moved on; the page needs a fresh start.